Warning! The script has encountered some errors when parsing the replay. Please report them to the . » details
0x6F, prev: 0x19: 16 02 01 00 80 C9 00 00 9B 42 01 00 19 6F [6F] 6D 45 4E BA 00 00 18 59 01 00
0x45, prev: 0x6F: 16 02 01 00 80 C9 00 00 9B 42 01 00 19 6F 6F 6D [45] 4E BA 00 00 18 59 01 00
0xBA, prev: 0x45: 16 02 01 00 80 C9 00 00 9B 42 01 00 19 6F 6F 6D 45 4E [BA] 00 00 18 59 01 00
0x00, prev: 0xBA: 16 02 01 00 80 C9 00 00 9B 42 01 00 19 6F 6F 6D 45 4E BA 00 [00] 18 59 01 00
0x59, prev: 0x00: 16 02 01 00 80 C9 00 00 9B 42 01 00 19 6F 6F 6D 45 4E BA 00 00 18 [59] 01 00
0x00, prev: 0x59: 16 02 01 00 80 C9 00 00 9B 42 01 00 19 6F 6F 6D 45 4E BA 00 00 18 59 01 [00]
General information
- name: BNet
- type: Ladder team game (AT/RT)
- host: Battle.net
- saver: N1GGERS.
map: FullScaleAssault
- players: 8
- length: 95:39
- speed: Fast
- version: 1.26 W3XP
- replay type: Public
» download(444 KB)
Players
team 1 (loser)

»
frelon (
orange | 51 APM | 1579 actions | 30:49)
6 Mountain King
3 Storm Bolt
2 Bash
1 Avatar
5 Blood Mage
3 Banish
2 Siphon Mana
» actions
| Assign group hotkey | 38 | |
| Basic commands | 131 | |
| Build / train | 114 | |
| ESC pressed | 1 | |
| Enter build submenu | 22 | |
| Enter hero's abilities submenu | 11 | |
| Give item / drop item | 4 | |
| Remove unit from queue | 2 | |
| Right click | 332 | |
| Select / deselect | 337 | |
| Select group hotkey | 488 | |
| Use ability | 99 | |
1579 total
» units
| Peasant | 12 | |
| Rifleman | 27 | |
| Mortar Team | 7 | |
| Flying Machine | 24 | |
70 total
» upgrades
| Gunpowder | 3 | |
| Armor | 3 | |
| Long Rifles | 1 | |
| Flare | 1 | |
| Fragmentation Shards | 1 | |
| Flak Cannons | 1 | |
| Flying Machine Bombs | 1 | |
| Plating | 1 | |
12 total
» buildings
| Farm | 11 | |
| Altar of Kings | 1 | |
| Blacksmith | 1 | |
| Barracks | 1 | |
| Scout Tower | 1 | |
| Lumber Mill | 1 | |
| Arcane Tower | 1 | |
| Arcane Vault | 1 | |
| Keep | 1 | |
| Workshop | 1 | |
| Castle | 1 | |
| Gryphon Aviary | 1 | |
| Town Hall | 1 | |
23 total
» build order
00:56 Farm
01:12 Altar of Kings
01:18 Blacksmith
01:26 Barracks
01:35 Farm
02:40 Scout Tower
03:05 Lumber Mill
03:09 Arcane Tower
03:22 Farm
04:01 Arcane Vault
04:43 Keep
04:55 Farm
05:38 Farm
06:43 Farm
07:08 Workshop
07:25 Farm
08:10 Farm
09:18 Castle
10:37 Farm
11:31 Farm
14:11 Farm
15:01 Gryphon Aviary
18:31 Town Hall
» items
| Scroll of Regeneration | 4 | |
| Boots of Speed | 1 | |
| Scroll of Town Portal | 3 | |
| Potion of Lesser Invulnerability | 1 | |
| Orb of Fire | 1 | |
| Lesser Clarity Potion | 3 | |
| Potion of Healing | 2 | |
15 total
Big_Newb (
green | 61 APM | 3204 actions | 52:36)
7 Blademaster
3 Wind Walk
3 Critical Strike
1 Bladestorm
6 Tauren Chieftain
2 War Stomp
3 Endurance Aura
1 Reincarnation
6 Shadow Hunter
3 Healing Wave
2 Hex
1 Big Bad Voodoo
» actions
| Assign group hotkey | 217 | |
| Basic commands | 28 | |
| Build / train | 141 | |
| Enter build submenu | 66 | |
| Enter hero's abilities submenu | 19 | |
| Give item / drop item | 27 | |
| Right click | 1113 | |
| Select / deselect | 453 | |
| Select group hotkey | 935 | |
| Use ability | 205 | |
3204 total
» units
| Peon | 36 | |
| Goblin Shredder | 1 | |
| Wind Rider | 14 | |
| Goblin Zeppelin | 1 | |
| Troll Batrider | 8 | |
| Peasant | 8 | |
68 total
» upgrades
| Envenomed Spears | 1 | |
| Ranged Weapons | 3 | |
| Armor | 4 | |
| Reinforced Defenses | 1 | |
| Liquid Fire | 1 | |
| Ensnare | 1 | |
| Spiked Barricades | 4 | |
| Masonry | 1 | |
16 total
» buildings
| Orc Burrow | 9 | |
| Altar of Storms | 1 | |
| Voodoo Lounge | 1 | |
| Stronghold | 2 | |
| War Mill | 1 | |
| Fortress | 1 | |
| Watch Tower | 45 | |
| Beastiary | 3 | |
| Great Hall | 1 | |
64 total
» build order
00:07 Orc Burrow
00:13 Altar of Storms
00:37 Orc Burrow
01:11 Voodoo Lounge
02:52 Stronghold
02:52 Stronghold
03:50 Orc Burrow
04:01 War Mill
04:09 Orc Burrow
05:13 Fortress
06:12 Watch Tower
06:17 Orc Burrow
06:21 Beastiary
06:25 Watch Tower
06:33 Beastiary
08:23 Beastiary
11:42 Orc Burrow
11:46 Orc Burrow
11:49 Orc Burrow
12:02 Orc Burrow
13:48 Watch Tower
13:50 Watch Tower
13:54 Watch Tower
13:58 Watch Tower
14:00 Watch Tower
14:05 Watch Tower
14:13 Watch Tower
21:41 Watch Tower
21:42 Watch Tower
21:44 Watch Tower
21:45 Watch Tower
21:46 Watch Tower
29:23 Watch Tower
29:24 Watch Tower
29:26 Watch Tower
29:27 Watch Tower
29:29 Watch Tower
29:32 Watch Tower
29:35 Watch Tower
29:36 Watch Tower
29:40 Watch Tower
29:45 Watch Tower
32:07 Watch Tower
32:08 Watch Tower
32:10 Watch Tower
32:12 Watch Tower
32:14 Watch Tower
33:19 Watch Tower
33:24 Watch Tower
33:58 Watch Tower
33:59 Watch Tower
34:07 Watch Tower
34:13 Watch Tower
34:21 Watch Tower
34:26 Watch Tower
34:36 Watch Tower
34:40 Watch Tower
36:34 Watch Tower
36:35 Watch Tower
36:37 Watch Tower
36:39 Watch Tower
36:52 Watch Tower
36:53 Watch Tower
43:27 Great Hall
» items
| Healing Salve | 2 | |
| Lesser Clarity Potion | 2 | |
| Tiny Great Hall | 6 | |
| Boots of Speed | 3 | |
| Dust of Appearance | 1 | |
| Orb of Lightning | 4 | |
| Scroll of Town Portal | 6 | |
| Potion of Healing | 3 | |
| Scroll of Healing | 1 | |
28 total
N1GGERS. (
purple | 49 APM | 4716 actions | 95:39)
10 Archmage
3 Blizzard
3 Brilliance Aura
1 Mass Teleport
3 Summon Water Elemental
» actions
| Assign group hotkey | 68 | |
| Basic commands | 145 | |
| Build / train | 188 | |
| Enter build submenu | 68 | |
| Enter hero's abilities submenu | 10 | |
| Give item / drop item | 17 | |
| Remove unit from queue | 1 | |
| Right click | 1935 | |
| Select / deselect | 1043 | |
| Select group hotkey | 1052 | |
| Select subgroup | 1 | |
| Use ability | 188 | |
4716 total
» units
| Peasant | 22 | |
| Footman | 7 | |
| Gryphon Rider | 15 | |
| Goblin Shredder | 1 | |
| Goblin Zeppelin | 4 | |
| Dragonhawk Rider | 7 | |
| Blue Dragon | 4 | |
60 total
» upgrades
| Masonry | 3 | |
| Swords | 3 | |
| Lumber Harvesting | 2 | |
| Animal War Training | 1 | |
| Armor | 3 | |
| Storm Hammers | 1 | |
| Cloud | 1 | |
| Gunpowder | 3 | |
| Plating | 3 | |
| Barrage | 1 | |
| Flak Cannons | 1 | |
| Backpack | 1 | |
| Flying Machine Bombs | 1 | |
| Fragmentation Shards | 1 | |
| Flare | 1 | |
| Magic Sentry | 1 | |
| Sorceress Training | 2 | |
| Priest Training | 2 | |
| Control Magic | 1 | |
32 total
» buildings
| Altar of Kings | 2 | |
| Farm | 27 | |
| Barracks | 1 | |
| Scout Tower | 19 | |
| Arcane Tower | 1 | |
| Arcane Vault | 3 | |
| Keep | 3 | |
| Castle | 3 | |
| Blacksmith | 2 | |
| Lumber Mill | 2 | |
| Town Hall | 3 | |
| Guard Tower | 25 | |
| Gryphon Aviary | 4 | |
| Workshop | 2 | |
| Arcane Sanctum | 1 | |
98 total
» build order
00:05 Altar of Kings
00:08 Farm
00:13 Barracks
01:42 Farm
02:15 Scout Tower
02:21 Farm
02:50 Arcane Tower
03:13 Arcane Vault
03:34 Keep
04:54 Farm
05:58 Castle
05:58 Castle
06:01 Blacksmith
06:04 Lumber Mill
06:35 Town Hall
06:37 Scout Tower
07:14 Guard Tower
07:25 Gryphon Aviary
09:08 Scout Tower
09:23 Gryphon Aviary
10:09 Guard Tower
10:45 Farm
10:49 Farm
10:51 Farm
13:35 Town Hall
14:51 Scout Tower
14:52 Scout Tower
14:53 Scout Tower
14:54 Scout Tower
15:07 Farm
15:11 Farm
15:13 Farm
15:15 Farm
15:51 Guard Tower
16:56 Guard Tower
17:19 Farm
18:46 Keep
25:08 Castle
26:24 Scout Tower
26:26 Scout Tower
26:27 Scout Tower
26:29 Scout Tower
26:51 Scout Tower
26:52 Scout Tower
27:00 Scout Tower
27:01 Scout Tower
27:03 Guard Tower
27:38 Guard Tower
27:38 Guard Tower
29:01 Workshop
29:03 Workshop
31:46 Gryphon Aviary
31:47 Gryphon Aviary
33:21 Guard Tower
38:05 Altar of Kings
38:13 Lumber Mill
39:27 Arcane Vault
40:23 Guard Tower
40:25 Guard Tower
40:26 Guard Tower
41:15 Arcane Sanctum
41:56 Blacksmith
42:22 Farm
42:46 Guard Tower
42:47 Guard Tower
43:09 Farm
43:13 Farm
43:26 Farm
44:20 Guard Tower
44:52 Guard Tower
45:01 Guard Tower
45:06 Guard Tower
49:46 Guard Tower
50:20 Guard Tower
50:31 Farm
50:32 Farm
50:37 Farm
50:44 Farm
51:11 Guard Tower
53:28 Guard Tower
53:30 Guard Tower
56:42 Farm
56:42 Farm
56:47 Farm
64:11 Farm
66:04 Scout Tower
66:07 Farm
66:10 Farm
66:31 Guard Tower
68:31 Farm
70:23 Arcane Vault
70:30 Scout Tower
70:55 Scout Tower
71:24 Guard Tower
77:28 Town Hall
79:25 Scout Tower
79:58 Guard Tower
» items
| Boots of Speed | 1 | |
| Staff of Teleportation | 1 | |
| Scroll of Regeneration | 10 | |
| Orb of Fire | 3 | |
| Potion of Healing | 6 | |
| Lesser Clarity Potion | 1 | |
| Scroll of Town Portal | 1 | |
| Ivory Tower | 22 | |
| Mechanical Critter | 4 | |
| Scroll of Healing | 3 | |
52 total
darknesscaIIed (
teal | 40 APM | 3786 actions | 95:39)
4 Archmage
2 Summon Water Elemental
2 Brilliance Aura
4 Paladin
2 Holy Light
1 Devotion Aura
1 Divine Shield
» actions
| Assign group hotkey | 24 | |
| Basic commands | 257 | |
| Build / train | 130 | |
| ESC pressed | 17 | |
| Enter build submenu | 63 | |
| Enter hero's abilities submenu | 8 | |
| Right click | 1813 | |
| Select / deselect | 1000 | |
| Select group hotkey | 215 | |
| Use ability | 256 | |
3786 total
» units
| Peasant | 35 | |
| Footman | 9 | |
| Mortar Team | 5 | |
| Siege Engine | 3 | |
| Flying Machine | 7 | |
| Goblin Zeppelin | 1 | |
60 total
» upgrades
| Gunpowder | 3 | |
| Lumber Harvesting | 1 | |
| Plating | 2 | |
| Fragmentation Shards | 2 | |
| Armor | 1 | |
| Flak Cannons | 1 | |
| Barrage | 1 | |
| Masonry | 2 | |
| Magic Sentry | 1 | |
| Flying Machine Bombs | 1 | |
15 total
» buildings
| Altar of Kings | 3 | |
| Farm | 20 | |
| Barracks | 1 | |
| Lumber Mill | 4 | |
| Keep | 1 | |
| Arcane Vault | 2 | |
| Blacksmith | 1 | |
| Town Hall | 5 | |
| Scout Tower | 67 | |
| Castle | 1 | |
| Guard Tower | 22 | |
| Workshop | 3 | |
| Arcane Tower | 3 | |
| Cannon Tower | 2 | |
| Arcane Sanctum | 1 | |
136 total
» build order
00:35 Altar of Kings
00:45 Farm
00:48 Barracks
00:57 Farm
01:29 Lumber Mill
01:36 Farm
02:14 Farm
03:29 Farm
04:19 Farm
04:20 Keep
05:09 Arcane Vault
05:45 Blacksmith
06:57 Town Hall
07:52 Farm
07:57 Farm
07:58 Farm
09:19 Scout Tower
10:59 Castle
11:17 Scout Tower
11:19 Scout Tower
11:20 Scout Tower
11:22 Scout Tower
11:23 Scout Tower
11:25 Scout Tower
11:27 Scout Tower
11:28 Scout Tower
11:29 Scout Tower
11:32 Scout Tower
11:33 Scout Tower
11:34 Scout Tower
11:48 Guard Tower
12:13 Scout Tower
12:16 Scout Tower
12:26 Workshop
12:27 Workshop
12:29 Workshop
12:50 Guard Tower
13:23 Arcane Tower
13:24 Guard Tower
14:10 Lumber Mill
14:21 Lumber Mill
14:53 Scout Tower
14:58 Scout Tower
15:04 Scout Tower
15:07 Scout Tower
15:11 Scout Tower
15:11 Scout Tower
15:15 Scout Tower
15:16 Scout Tower
15:32 Arcane Tower
15:37 Arcane Tower
16:26 Guard Tower
16:30 Guard Tower
16:58 Guard Tower
17:03 Farm
17:10 Farm
17:13 Scout Tower
17:18 Scout Tower
17:19 Guard Tower
17:54 Guard Tower
17:59 Farm
18:02 Farm
18:21 Scout Tower
18:24 Scout Tower
18:25 Scout Tower
18:26 Scout Tower
18:27 Scout Tower
18:29 Scout Tower
18:29 Scout Tower
18:30 Scout Tower
18:31 Scout Tower
19:07 Guard Tower
21:51 Guard Tower
26:12 Guard Tower
26:24 Town Hall
26:27 Scout Tower
26:30 Scout Tower
26:32 Scout Tower
26:33 Scout Tower
26:35 Scout Tower
26:38 Scout Tower
26:39 Scout Tower
26:43 Scout Tower
26:44 Scout Tower
26:46 Scout Tower
26:47 Scout Tower
26:48 Scout Tower
26:49 Scout Tower
26:50 Scout Tower
27:01 Guard Tower
27:28 Guard Tower
27:42 Cannon Tower
27:54 Cannon Tower
27:55 Guard Tower
27:57 Guard Tower
28:10 Guard Tower
28:25 Guard Tower
28:48 Arcane Sanctum
29:50 Guard Tower
30:47 Town Hall
39:36 Altar of Kings
39:37 Farm
39:39 Farm
40:42 Farm
41:19 Lumber Mill
41:58 Scout Tower
42:02 Scout Tower
42:03 Scout Tower
42:05 Scout Tower
42:06 Scout Tower
42:09 Scout Tower
42:10 Scout Tower
42:12 Scout Tower
42:13 Scout Tower
42:14 Scout Tower
42:16 Scout Tower
42:18 Scout Tower
42:20 Scout Tower
42:22 Scout Tower
42:24 Scout Tower
42:25 Scout Tower
42:26 Scout Tower
42:30 Scout Tower
42:32 Scout Tower
42:35 Guard Tower
43:13 Guard Tower
43:32 Guard Tower
43:59 Town Hall
44:06 Guard Tower
53:05 Town Hall
54:37 Altar of Kings
54:42 Farm
54:43 Farm
54:47 Farm
54:52 Farm
55:59 Arcane Vault
» items
| Scroll of Regeneration | 3 | |
| Scroll of Town Portal | 3 | |
| Potion of Healing | 2 | |
| Ivory Tower | 4 | |
| Lesser Clarity Potion | 1 | |
| Staff of Teleportation | 1 | |
| Potion of Lesser Invulnerability | 1 | |
15 total
team 2 (winner)
imwastedagain (
red | 15 APM | 79 actions | 05:14)
1 Death Knight
1 Death Coil
» actions
| Basic commands | 11 | |
| Build / train | 20 | |
| Enter build submenu | 7 | |
| Enter hero's abilities submenu | 1 | |
| Select / deselect | 30 | |
| Use ability | 10 | |
79 total
» units
» upgrades
» buildings
| Graveyard | 1 | |
| Crypt | 1 | |
| Altar of Darkness | 1 | |
| Ziggurat | 3 | |
| Spirit Tower | 1 | |
| Nerubian Tower | 1 | |
| Tomb of Relics | 1 | |
| Halls of the Dead | 1 | |
10 total
» build order
00:58 Graveyard
01:02 Crypt
01:06 Altar of Darkness
01:10 Ziggurat
01:31 Ziggurat
01:42 Ziggurat
02:21 Spirit Tower
02:27 Nerubian Tower
02:53 Tomb of Relics
04:46 Halls of the Dead

»
Jack_Webb (
yellow | 25 APM | 2435 actions | 95:39)
7 Priestess of the Moon
1 Scout
3 Trueshot Aura
2 Searing Arrows
1 Starfall
5 Keeper of the Grove
3 Force of Nature
2 Thorns Aura
» actions
| Assign group hotkey | 42 | |
| Basic commands | 2 | |
| Build / train | 176 | |
| Enter build submenu | 32 | |
| Enter hero's abilities submenu | 13 | |
| Give item / drop item | 9 | |
| Remove unit from queue | 8 | |
| Right click | 785 | |
| Select / deselect | 766 | |
| Select group hotkey | 427 | |
| Use ability | 173 | |
2435 total
» units
| Wisp | 46 | |
| Huntress | 5 | |
| Dryad | 9 | |
| Druid of the Talon | 3 | |
| Druid of the Claw | 4 | |
| Mountain Giant | 2 | |
| Hippogryph | 15 | |
| Glaive Thrower | 3 | |
| Chimaera | 8 | |
| Frost Wyrm | 2 | |
| Goblin Zeppelin | 2 | |
99 total
» upgrades
| Moon Armor | 1 | |
| Strength of the Moon | 1 | |
| Ultravision | 1 | |
| Reinforced Hides | 3 | |
| Sentinel | 1 | |
| Abolish Magic | 1 | |
| Strength of the Wild | 2 | |
| Druid of the Claw Training | 2 | |
| Druid of the Talon Training | 2 | |
| Creature Carapace | 1 | |
| Creature Attack | 1 | |
| Mark of the Claw | 1 | |
| Nature's Blessing | 1 | |
| Corrosive Breath | 2 | |
| Vorpal Blades | 1 | |
21 total
» buildings
| Moon Well | 9 | |
| Altar of Elders | 1 | |
| Hunter's Hall | 1 | |
| Ancient of Wonders | 2 | |
| Ancient of War | 1 | |
| Ancient Protector | 11 | |
| Tree of Ages | 2 | |
| Tree of Life | 4 | |
| Ancient of Wind | 1 | |
| Ancient of Lore | 3 | |
| Tree of Eternity | 1 | |
| Spirit Tower | 1 | |
| Black Citadel | 1 | |
| Chimaera Roost | 2 | |
40 total
» build order
00:28 Moon Well
00:45 Altar of Elders
01:19 Hunter's Hall
01:54 Moon Well
02:08 Ancient of Wonders
02:33 Ancient of War
03:01 Ancient Protector
04:37 Tree of Ages
04:52 Moon Well
06:42 Tree of Life
07:55 Ancient of Wind
08:00 Ancient of Lore
08:10 Ancient of Lore
08:15 Ancient of Lore
10:46 Tree of Eternity
11:03 Moon Well
11:08 Moon Well
15:04 Spirit Tower
15:16 Black Citadel
15:48 Moon Well
17:34 Chimaera Roost
17:41 Chimaera Roost
20:32 Ancient Protector
20:46 Moon Well
20:49 Moon Well
23:13 Moon Well
25:07 Tree of Life
25:42 Ancient Protector
25:47 Ancient Protector
47:42 Tree of Life
53:50 Ancient of Wonders
53:56 Ancient Protector
53:57 Ancient Protector
53:58 Ancient Protector
54:04 Ancient Protector
54:08 Ancient Protector
54:19 Ancient Protector
56:12 Tree of Ages
56:18 Ancient Protector
60:28 Tree of Life
» items
| Moonstone | 5 | |
| Potion of Healing | 3 | |
| Potion of Mana | 1 | |
| Scroll of Town Portal | 8 | |
| Lesser Clarity Potion | 2 | |
| Orb of Venom | 2 | |
| Potion of Lesser Invulnerability | 3 | |
| Boots of Speed | 2 | |
| Scroll of Speed | 2 | |
| Staff of Teleportation | 1 | |
29 total
Teuton (
blue | 50 APM | 4789 actions | 95:34)
10 Blademaster
3 Wind Walk
3 Critical Strike
1 Bladestorm
3 Mirror Image
2 Lich
1 Frost Nova
1 Death and Decay
2 Death Knight
1 Death Coil
1 Death Pact
» actions
| Assign group hotkey | 137 | |
| Basic commands | 193 | |
| Build / train | 162 | |
| Enter build submenu | 63 | |
| Enter hero's abilities submenu | 15 | |
| Give item / drop item | 25 | |
| Remove unit from queue | 9 | |
| Right click | 2109 | |
| Select / deselect | 779 | |
| Select group hotkey | 942 | |
| Use ability | 355 | |
4789 total
» units
| Peon | 26 | |
| Grunt | 3 | |
| Goblin Shredder | 1 | |
| Troll Batrider | 30 | |
| Wind Rider | 13 | |
| Frost Wyrm | 10 | |
| Goblin Zeppelin | 2 | |
| Acolyte | 1 | |
86 total
» upgrades
| Ranged Weapons | 3 | |
| Reinforced Defenses | 1 | |
| Liquid Fire | 1 | |
| Burrow | 1 | |
| Creature Attack | 1 | |
| Creature Carapace | 2 | |
| Armor | 3 | |
| Spiked Barricades | 3 | |
| Freezing Breath | 1 | |
| Envenomed Spears | 1 | |
| Pillage | 1 | |
| Troll Regeneration | 1 | |
19 total
» buildings
| Orc Burrow | 5 | |
| Altar of Storms | 1 | |
| Barracks | 1 | |
| Voodoo Lounge | 2 | |
| War Mill | 3 | |
| Stronghold | 1 | |
| Great Hall | 5 | |
| Watch Tower | 34 | |
| Beastiary | 10 | |
| Fortress | 1 | |
| Crypt | 1 | |
| Boneyard | 5 | |
| Spirit Tower | 1 | |
| Ziggurat | 4 | |
74 total
» build order
00:34 Orc Burrow
00:50 Altar of Storms
01:12 Barracks
01:17 Orc Burrow
01:27 Voodoo Lounge
02:44 War Mill
03:22 Stronghold
05:24 Great Hall
05:38 Watch Tower
05:38 Watch Tower
05:39 Watch Tower
05:57 Orc Burrow
08:39 Beastiary
08:39 Beastiary
08:40 Beastiary
08:50 Watch Tower
08:51 Watch Tower
08:53 Watch Tower
08:56 Watch Tower
10:52 Fortress
11:00 Watch Tower
12:57 Orc Burrow
13:01 Watch Tower
13:02 Watch Tower
13:03 Watch Tower
13:03 Watch Tower
13:07 Watch Tower
13:08 Watch Tower
13:08 Watch Tower
13:08 Watch Tower
13:10 Watch Tower
13:13 Watch Tower
14:14 War Mill
14:18 War Mill
17:42 Watch Tower
17:42 Watch Tower
17:43 Watch Tower
17:43 Watch Tower
17:44 Watch Tower
18:22 Crypt
18:36 Beastiary
24:39 Watch Tower
24:40 Watch Tower
24:40 Watch Tower
24:40 Watch Tower
24:41 Watch Tower
24:42 Watch Tower
25:11 Boneyard
25:12 Boneyard
25:12 Boneyard
25:47 Boneyard
25:47 Boneyard
25:56 Orc Burrow
26:26 Great Hall
27:00 Spirit Tower
28:30 Ziggurat
28:31 Ziggurat
28:31 Ziggurat
28:34 Ziggurat
37:39 Voodoo Lounge
50:28 Watch Tower
50:29 Watch Tower
50:29 Watch Tower
50:30 Watch Tower
50:30 Watch Tower
62:39 Great Hall
64:50 Great Hall
73:48 Great Hall
74:53 Beastiary
74:54 Beastiary
74:55 Beastiary
74:58 Beastiary
74:59 Beastiary
75:00 Beastiary
» items
| Healing Salve | 3 | |
| Boots of Speed | 1 | |
| Periapt of Vitality | 4 | |
| Lesser Clarity Potion | 2 | |
| Scroll of Town Portal | 7 | |
| Potion of Healing | 1 | |
| Orb of Lightning | 1 | |
| Orb of Corruption | 1 | |
| Staff of Teleportation | 3 | |
| Tiny Great Hall | 3 | |
| Potion of Lesser Invulnerability | 3 | |
29 total

»
manowar97 (
pink | 16 APM | 1367 actions | 87:52)
6 Priestess of the Moon
3 Trueshot Aura
2 Searing Arrows
1 Starfall
4 Death Knight
3 Unholy Aura
1 Death Coil
4 Lich
2 Frost Nova
1 Frost Armor
1 Dark Ritual
» actions
| Build / train | 94 | |
| Enter build submenu | 32 | |
| Enter hero's abilities submenu | 15 | |
| Give item / drop item | 5 | |
| Remove unit from queue | 2 | |
| Right click | 554 | |
| Select / deselect | 610 | |
| Use ability | 54 | |
1367 total
» units
| Wisp | 16 | |
| Archer | 8 | |
| Crypt Fiend | 7 | |
| Goblin Zeppelin | 2 | |
| Hippogryph | 14 | |
| Chimaera | 14 | |
61 total
» upgrades
| Web | 1 | |
| Strength of the Wild | 3 | |
| Reinforced Hides | 3 | |
| Corrosive Breath | 1 | |
| Creature Attack | 1 | |
| Creature Carapace | 1 | |
| Ultravision | 1 | |
| Strength of the Moon | 1 | |
| Moon Armor | 1 | |
13 total
» buildings
| Altar of Elders | 1 | |
| Moon Well | 9 | |
| Ancient of War | 1 | |
| Tree of Ages | 1 | |
| Hunter's Hall | 1 | |
| Ancient of Wind | 1 | |
| Ziggurat | 7 | |
| Tree of Eternity | 1 | |
| Tree of Life | 3 | |
| Chimaera Roost | 3 | |
| Ancient of Wonders | 1 | |
| Sacrificial Pit | 1 | |
30 total
» build order
00:12 Altar of Elders
00:25 Moon Well
00:44 Ancient of War
01:33 Moon Well
02:31 Moon Well
03:32 Tree of Ages
07:05 Hunter's Hall
07:09 Ancient of Wind
07:33 Ziggurat
07:39 Moon Well
08:01 Ziggurat
08:04 Ziggurat
08:42 Moon Well
08:43 Tree of Eternity
10:13 Tree of Life
11:22 Chimaera Roost
11:27 Chimaera Roost
12:53 Ancient of Wonders
13:00 Chimaera Roost
13:40 Moon Well
14:57 Ziggurat
15:00 Ziggurat
15:03 Ziggurat
15:06 Ziggurat
15:22 Sacrificial Pit
17:47 Moon Well
18:49 Moon Well
24:39 Moon Well
26:45 Tree of Life
60:03 Tree of Life
» items
Chat log
(00:02 / Allies) N1GGERS.: darkness is that you?
(00:04 / Allies) darknesscaIIed: hi
(00:15 / All) Teuton: big delay for anyone else?
(00:27 / All) Teuton: Teal is your name Jake?
(00:35 / All) N1GGERS.: or Mugaro?
(00:38 / Allies) darknesscaIIed: no
(00:42 / Allies) darknesscaIIed: but i know of who you speak
(00:48 / All) imwastedagain: how funny is sth park
(00:49 / All) Big_Newb: my name is jack
(00:59 / Allies) N1GGERS.: Are you darkness or just a fan?
(01:15 / Allies) darknesscaIIed: a fan
(01:18 / Allies) N1GGERS.: ah
(01:22 / Allies) N1GGERS.: ty for being honest!
(01:27 / All) imwastedagain: the episode of wheel of fortune where stans dad says niggers
(01:41 / All) Teuton: I haven't seen a SP episode in yaers
(01:48 / All) imwastedagain: get on it
(01:50 / All) imwastedagain: to funny
(01:57 / All) Teuton: Teal what's your aka
(02:04 / All) imwastedagain: its jake
(02:04 / All) Teuton: It's not funny anymore
(02:08 / All) darknesscaIIed: used to be st.canislupus
(02:34 / All) Teuton: I thought you were my main man, nvm
(02:43 / All) darknesscaIIed: havent played in years, didnt think anyone played this anymore
(02:58 / All) N1GGERS.: Darkness still does
(02:59 / All) imwastedagain: just like people dont watch sth park
(03:05 / All) imwastedagain: sth park is watched quite alot
(03:07 / All) N1GGERS.: He posts on the official forums regularly
(03:09 / All) imwastedagain: this game is played alot to
(03:17 / All) darknesscaIIed: yeah i been watchin some highperch replays
(05:14 / Allies) darknesscaIIed: ah
(06:18 / Allies) N1GGERS.: wood
(06:27 / Allies) N1GGERS.: ty oj
(07:27 / All) darknesscaIIed: a false noobelf night
(07:31 / All) darknesscaIIed: im on to you
(10:06 / Allies) N1GGERS.: wood
(10:26 / Allies) N1GGERS.: ty teal
(10:31 / All) Teuton: I have lag
(10:34 / Allies) N1GGERS.: and oj
(10:37 / All) Teuton: am I hte only one?
(15:30 / Allies) frelon: we hit or
(16:50 / All) Teuton: had red selected TT
(24:59 / All) Teuton: I'm really inattentive with BM tonight
(33:59 / Allies) N1GGERS.: Teal if you're jake get on msn after
(34:19 / Allies) N1GGERS.: We post games all the time on highper.ch, if you're not, blue and I
(34:31 / Allies) darknesscaIIed: im not ;/
(34:37 / Allies) darknesscaIIed: im jesse
(34:39 / Allies) N1GGERS.: Ah
(34:48 / Allies) N1GGERS.: We stab all the time under the akas Itachi, Flamechamp, and turncoat
(34:50 / Allies) N1GGERS.: Turncoat is blue
(34:52 / Allies) N1GGERS.: He will stab soon
(34:56 / Allies) darknesscaIIed: oh really?
(34:57 / Allies) darknesscaIIed: lmao
(34:58 / Allies) N1GGERS.: Yes
(35:26 / Allies) N1GGERS.: This game will probably go on highperch tonight too
(35:43 / Allies) N1GGERS.: Jake (Flamechamp) has had internet problems and isn't in this game
(36:06 / Allies) darknesscaIIed: awesome
(36:13 / Allies) darknesscaIIed: always wanted to be on highperch
(36:15 / Allies) darknesscaIIed: its my dream
(38:46 / Allies) darknesscaIIed: wow i just dont know whats going on here
(38:49 / Allies) N1GGERS.: green why you bsing?
(38:51 / Allies) darknesscaIIed: big newb is a turncoat!
(42:50 / All) Big_Newb: fail bots
(42:51 / All) Big_Newb: lawl
(43:05 / All) N1GGERS.: You stabbed and failed miserably, you will die when the time is right
(43:11 / All) Big_Newb: u mad?
(43:24 / All) N1GGERS.: I am in horrible fear at a umad meme
(43:29 / All) N1GGERS.: And terrible anger
(43:34 / All) Big_Newb: obviously
(43:52 / All) Teuton: haha
(43:53 / All) N1GGERS.: I know, I'm so visibly sweating in disgust at you because I am in a undeniable fit of rage
(44:01 / All) Big_Newb: you done yet?
(44:07 / All) N1GGERS.: Not until my team gets the loss sir
(44:16 / All) Big_Newb: k, cuz your lines are pathetic
(44:19 / All) Big_Newb: continue on.
(44:38 / All) N1GGERS.: You are a cranially challenged lobotomized half-wit shiteating monkey barely above the minimum non-retard IQ requirement of 70
(44:56 / All) N1GGERS.: Is that better?
(45:17 / All) manowar97: blue i need 400
(45:29 / All) manowar97: gold
(45:38 / All) manowar97: i need to make a fucking base
(46:12 / All) manowar97: just give me the fucking money
(46:14 / All) N1GGERS.: Kill yourself faggot, you and the rest of the lobotomites in this game should leave and castrate yourselves as you are all
(46:17 / All) N1GGERS.: insults to the gene pool.
(47:21 / Allies) N1GGERS.: I stopped his hero
(47:32 / Allies) Big_Newb: teal, use towers
(47:35 / Allies) Big_Newb: to fuk purple up
(47:37 / Allies) Big_Newb: when he comes here
(47:39 / All) N1GGERS.: green, you have no chance of winning
(47:42 / All) N1GGERS.: shut the fuck up
(47:48 / All) Big_Newb: who said i wanted to win
(47:50 / All) Big_Newb: lawlz.
(48:01 / All) Big_Newb: lvl 1 account nub
(48:03 / All) Big_Newb: learn to stats
(48:07 / All) N1GGERS.: You are 1-0, you are level 2
(48:13 / All) Big_Newb: ohh noesss
(49:12 / Allies) N1GGERS.: Teal, why you killing green's hero?
(49:19 / Allies) N1GGERS.: Misclick or just BSing?
(49:30 / Allies) darknesscaIIed: misclick
(50:42 / Allies) N1GGERS.: You two using private chat as well?
(50:50 / Allies) darknesscaIIed: no sir
(51:17 / All) Teuton: nice assist gree
(51:19 / All) Teuton: n
(52:04 / Allies) Big_Newb: teal, grant me control and i wont end ur hall
(52:11 / Allies) N1GGERS.: no but I will
(52:12 / Allies) darknesscaIIed: diaf
(52:19 / All) Big_Newb: lawlz
(52:21 / All) Big_Newb: fail bots
(52:44 / All) Teuton: rape
(52:54 / All) N1GGERS.: I think green was mad
(53:44 / All) darknesscaIIed: we've only just begun
(53:50 / All) N1GGERS.: We?
(55:32 / All) N1GGERS.: Faggot stole my zeppelin
(56:54 / All) darknesscaIIed: go away
(56:57 / All) N1GGERS.: Raped
(57:02 / All) N1GGERS.: I told him where you were
(57:07 / All) darknesscaIIed: i know
(57:16 / All) darknesscaIIed: you are a jew
(57:19 / All) darknesscaIIed: it is your nature
(57:21 / All) Teuton: yeah check's in the mail
(57:35 / All) N1GGERS.: Level 10, thanks yellow!
(57:40 / All) darknesscaIIed: checks in my butt
(57:46 / All) Teuton: Oh so you don't need red's heroes then?
(57:54 / All) N1GGERS.: I lost only 2 units and now I'm remaking them
(58:50 / All) N1GGERS.: Teal you have nothing, why the fuck would I want control over your units?
(58:55 / All) N1GGERS.: Goddamn fucking retard
(59:06 / All) Teuton: Teal who are you really?
(59:08 / All) N1GGERS.: Yeah, just spam that I can't take my headphones off at all
(59:19 / Allies) darknesscaIIed: lmao
(59:33 / All) Teuton: Green and teal raped LOL
(59:42 / All) N1GGERS.: Ty for gold and lumber, it will save me from expoing and will make your loss all the faster
(59:44 / All) darknesscaIIed: just how i like it
(59:52 / All) N1GGERS.: You're into BDSM teal?
(59:55 / All) darknesscaIIed: yes
(60:19 / All) N1GGERS.: Should I start killing my island now Turncoat?
(60:22 / All) N1GGERS.: It's all my team has left
(60:42 / All) N1GGERS.: I have no idea if he will stay
(60:50 / All) N1GGERS.: Probably will leave at the last minute or stay to the bitter end
(61:03 / Allies) darknesscaIIed: yeah
(61:07 / All) N1GGERS.: "yeah" - teal
(61:13 / All) N1GGERS.: He says he's just going to watch porn
(61:30 / All) Jack_Webb: wtf?
(61:48 / All) Teuton: Stop what?
(62:00 / All) N1GGERS.: Down with my island, then. Yellow gets a win and the shiteating gorilla known as Darknesscalls gets the loss
(62:13 / All) N1GGERS.: I almost expected him to be the real one on a new account due to super high ELL stopping games
(62:22 / All) Jack_Webb: gg?
(62:23 / All) N1GGERS.: Actually
(62:25 / All) N1GGERS.: Yellow is a fag
(62:28 / All) N1GGERS.: Maybe he'll lose instead
(62:35 / All) N1GGERS.: What do you think Turncoat? Which team is faggier?
(62:51 / All) Teuton: I don't know they're both epic porportions of faggotness
(63:00 / All) N1GGERS.: I wish there was a way for both of them to lose
(63:10 / All) N1GGERS.: I think yellow will cry more if we rape him because he's still in-game
(63:14 / All) N1GGERS.: Teal is busy masturbating
(64:35 / All) Teuton: Pink has 3 food somewhere
(64:38 / All) Teuton: dunno where
(65:00 / All) N1GGERS.: I have 2 blue dragons
(65:16 / All) N1GGERS.: Gryphons do slightly more damage at full upgrades but aren't as tanky
(65:25 / All) N1GGERS.: Dragons probably do more due to chaos damage actually
(65:41 / All) N1GGERS.: Ow
(65:44 / All) N1GGERS.: That must have hurt
(65:48 / All) N1GGERS.: Did I hear a zeppelin crying?
(66:29 / All) manowar97: sure
(66:31 / All) Teuton: I owe you 5k
(67:04 / All) Teuton: 5,000
(67:07 / All) Teuton: Like I promised
(67:11 / All) Teuton: SEe, check was in the mail
(67:23 / All) Teuton: Blame the post office for the late delivery
(67:32 / All) N1GGERS.: I hate those post office fags
(67:36 / All) N1GGERS.: They need to deliver my German parka faster
(68:38 / All) Teuton: I don't have a TP staff, this way is more humorous I think
(68:49 / All) N1GGERS.: Send a flying owl scout if there's a beastmaster somewhere
(68:54 / All) N1GGERS.: My island expo is amazingly well fortified
(69:10 / All) N1GGERS.: Neat, critters can buy dragons
(69:44 / All) Teuton: I bet he runs into you
(69:46 / All) Teuton: health fountain
(69:51 / All) Teuton: LOL
(69:56 / All) Teuton: HE RAN SO FAST
(69:57 / All) N1GGERS.: I am m moving a hawk
(71:14 / All) N1GGERS.: Yellow are you having fun?
(71:19 / All) N1GGERS.: I sure am!
(74:02 / All) Teuton: alright
(74:06 / All) Teuton: enough joshing around yellow
(74:16 / All) N1GGERS.: We could do a standoff but they're the kind of faggots who'd just leave
(74:43 / All) N1GGERS.: I have a 98/100 army
(76:44 / All) Teuton: lawl
(76:46 / All) Teuton: they messaging you?
(76:47 / All) N1GGERS.: I need gold too
(76:48 / All) N1GGERS.: No
(76:53 / All) N1GGERS.: Just silence
(78:04 / All) N1GGERS.: I don't know... 2 peasants to mine or a sorcerer?
(78:15 / All) N1GGERS.: Sorceress actually since they're all slutty whores
(79:54 / All) N1GGERS.: You'll never be able to kill my island if you kill my army sir
(80:03 / All) N1GGERS.: No idea why you do this every game
(80:12 / All) Teuton: I'm richer than a wall street bankster
(80:23 / All) Teuton: WEll
(80:27 / All) Teuton: you killed my expo man
(80:29 / All) Teuton: I wnated that gold
(80:32 / All) Teuton: I coveted it
(80:43 / All) N1GGERS.: I have 1.4k
(81:04 / All) Teuton: yellow is pinging me
(82:15 / All) N1GGERS.: Why are you trying to justify the means bro
(82:41 / All) Teuton: I had 37 bats or so
(83:10 / All) Teuton: I could have over 7 control groups of them
(83:20 / All) Teuton: alright standoff?
(83:22 / All) Teuton: or
(83:26 / All) Teuton: what my team wins or what?
(83:38 / All) N1GGERS.: Darkness wouldn't stay for a standoff but a standoff might be better since neither team is going to leave
(83:42 / All) Jack_Webb: kill hij you coward
(83:52 / All) N1GGERS.: You killed my army so a standoff would be slow as hell though
(83:57 / All) Teuton: only teal left on your team
(84:06 / All) Teuton: you only need to kill your farms and peons
(84:07 / All) Jack_Webb: no 2 teams
(84:10 / All) Teuton: and hasll
(84:30 / All) N1GGERS.: What about my production buildings? I have avaries, a workshop and a sanctum
(84:31 / All) Teuton: what do you want to do
(84:33 / All) N1GGERS.: Actually no workshop
(84:37 / All) Teuton: they don't matter
(84:40 / All) Teuton: if you don't have supply
(84:44 / All) N1GGERS.: I do, 43/100
(84:49 / All) Teuton: yeah
(84:52 / All) Teuton: kill the farms, hall
(84:53 / All) Teuton: wtih towers
(84:57 / All) N1GGERS.: I will, then do a standoff
(85:02 / All) Teuton: standoff?
(85:05 / All) N1GGERS.: yeah
(85:14 / Allies) darknesscaIIed: hi
(85:18 / Allies) N1GGERS.: Welcome back sir
(85:19 / All) N1GGERS.: Teal is back
(85:21 / All) darknesscaIIed: what's up
(85:32 / All) N1GGERS.: Should we ask his opinion on this most dire of matters?
(85:40 / All) Teuton: I'm sure he wants 4-1
(85:43 / All) N1GGERS.: Teal, we are going to kill everything, including our own stuff
(85:48 / All) N1GGERS.: no units or production will leave
(85:54 / All) N1GGERS.: Nothing will be built
(85:57 / All) N1GGERS.: No attacking units
(86:02 / All) N1GGERS.: Best internet wins
(86:05 / All) N1GGERS.: A Mexican Standoff
(86:05 / All) Teuton: I had 9 beasts
(86:07 / All) darknesscaIIed: someones gotta lose then
(86:09 / All) darknesscaIIed: i see
(86:12 / All) N1GGERS.: I am sure you are well aware of them from highperch
(86:16 / All) N1GGERS.: We upload standoffs all the time
(86:23 / All) N1GGERS.: Our last one was a 12 hour standoff after we left
(86:26 / All) N1GGERS.: Er, maybe not last
(86:43 / All) N1GGERS.: "Epic 4v4," something like that with the green fag RevengeIsMine
(86:48 / All) darknesscaIIed: wait so whoever kills themselves first wins?
(86:52 / All) N1GGERS.: I forget the full replay name, that standoff was 12 hours
(86:54 / All) N1GGERS.: What? No
(86:57 / All) N1GGERS.: Nothing will remain
(87:01 / All) N1GGERS.: So neither team can win
(87:07 / All) darknesscaIIed: lmao oh ok
(87:08 / All) N1GGERS.: Best internet wins
(87:19 / All) darknesscaIIed: i'm down
(87:28 / All) N1GGERS.: Okay, good luck
(87:38 / All) Teuton: I still ahve 18k
(87:40 / All) darknesscaIIed: gonna brush my teeth now n get ready for bed brb
(88:13 / All) Teuton: I gave you 5k already
(88:15 / All) N1GGERS.: I almost left a peasant
(88:18 / All) Teuton: We even steven
(88:19 / All) N1GGERS.: Could have been a dire mistake
(88:35 / All) Teuton: Alright I will give you my 18k before I leave
(88:40 / All) N1GGERS.: 0 supply I will kill my army now
(88:51 / All) N1GGERS.: RIP Landazar the Archmage
(89:30 / All) N1GGERS.: I have a rabbit, safe for that to stay with no supply right?
(89:38 / All) N1GGERS.: I'm 99% positive that it's fine
(89:39 / All) Teuton: yeah
(89:45 / All) N1GGERS.: Okay, all my stuff is dead. 0 supply 0 army
(89:50 / All) N1GGERS.: Good luck yellow and teal
(90:13 / All) N1GGERS.: Let's leave now, a final good game for the night. To highper.ch this shall go
(90:22 / All) N1GGERS.: ...assuming your part is done?
(90:24 / All) Teuton: Hang on
(90:33 / All) N1GGERS.: Make sure your hero is dead
(91:24 / All) N1GGERS.: Is it time, Turncoat?
(91:37 / All) N1GGERS.: Everything dead?
(92:13 / All) N1GGERS.: A zeppelin that might have heroes? I think your hero would win. Kill it and let yellow's devious plans not work.
(92:43 / All) Jack_Webb: hahahahahahahahaha
(92:56 / All) Teuton: got it
(93:06 / All) N1GGERS.: Well done, no warning will save someone from the true King of the Orcs
(93:16 / All) N1GGERS.: Grubby be damned, he was never a 4v4 RT pro
(93:30 / All) Teuton: I didn't notice it because
(93:35 / All) Teuton: he had it voer gold
(93:39 / All) Teuton: and he';s yellow
(93:43 / All) Teuton: I think that's it
(93:47 / All) N1GGERS.: Okay, good
(93:54 / All) N1GGERS.: Let's leave once your hero is dead
(94:11 / All) Teuton: I was going to give him my 18k
(94:13 / All) Teuton: but now I won't
(94:23 / All) N1GGERS.: Give it to another ally who left
(94:24 / All) Teuton: if he is alive he'll have a very hard time killing your towers
(94:35 / All) N1GGERS.: Yeah, no way he could with 1 hero or something
(94:39 / All) N1GGERS.: He'd need at least a chimera
(94:46 / All) Teuton: it would take him a very long time
(95:03 / All) N1GGERS.: My towers have full masonry and invisibility detection
(95:12 / All) N1GGERS.: A long, long time. He'd die of old age
(95:13 / All) Teuton: he can heal tho
(95:17 / All) Teuton: with zep
(95:31 / All) Teuton: Farewell, best of luck to you gentlemen
(95:35 / All) N1GGERS.: Good luck have fun
(95:38 / All) N1GGERS.: LET IT BEGIN LET IT BEGIN